 Dungeon Sprint DCSS version 0.23.1 (webtiles) character file.

Game seed: 4153020130045920567

442 Lauz the Cleaver (level 6, -2/57 HPs)
             Began as a Minotaur Gladiator on Mar 5, 2019.
             Was an Initiate of Trog.
             Succumbed to Sonja's poison
             ... in the Dungeon (Sprint I: "Red Sonja").
             The game lasted 00:03:08 (760 turns).

Lauz the Cleaver (Minotaur Gladiator)                Turns: 760, Time: 00:03:09

Health: -2/57      AC:  6    Str: 20    XL:     6   Next: 71%
Magic:  5/5        EV: 16    Int:  5    God:    Trog [......]
Gold:   297        SH:  0    Dex: 12    Spells: 5/5 levels left

rFire    . . .     SeeInvis .   a - +0 war axe
rCold    . . .     Gourm    .   (no shield)
rNeg     . . .     Faith    .   l - +0 ring mail
rPois    .         Spirit   .   c - +0 hat
rElec    .         Reflect  .   (no cloak)
rCorr    .         Harm     .   (no gloves)
MR       .....     NoTele   +   (no boots)
Stlth    +.........             (no amulet)
HPRegen  0.19/turn              (no ring)
MPRegen  0.09/turn              (no ring)

@: lethally poisoned (-2 -> -76), hasted and slowed
A: retaliatory headbutt, horns 2
a: Renounce Religion


You were in the Dungeon.
You worshipped Trog.
Trog was noncommittal.
You were not hungry.

You visited 1 branch You collected 297 gold pieces.

Inventory:

Hand Weapons
 a - a +0 war axe (weapon)
Missiles
 d - 3 throwing nets (quivered)
Armour
 b - a +0 leather armour
 c - a +0 hat (worn)
 l - a +0 ring mail (worn)
Scrolls
 j - 2 scrolls of identify {unknown}
 k - a scroll of blinking
Potions
 h - a potion of haste
 i - 2 potions of magic
Comestibles
 f - a ration


   Skills:
 + Level 5.7 Fighting
 + Level 11.8 Axes
 - Level 2.0 Throwing
 + Level 4.9 Armour
 + Level 10.2 Dodging


You had 5 spell levels left.
You didn't know any spells.
Your spell library was empty.

Dungeon Overview and Level Annotations

Branches:
Dungeon (1/1)

Altars:
Cheibriados
Dithmenos
Elyvilon
Fedhas
Gozag
Hepliaklqana
Kikubaaqudgha
Nemelex Xobeh
Okawaru
Qazlal
Ru
Sif Muna
Trog
Uskayaw
Vehumet
Wu Jian
Yredelemnul
Zin
The Shining One

Shops:
D (

Annotations:
D Sonja


Innate Abilities, Weirdness & Mutations

You reflexively headbutt those who attack you in melee.
You have a pair of horns on your head.


Message History

Sonja completely misses you. Sonja barely misses you. x2
You miss Sonja.
Sonja is lightly wounded.
* * * LOW HITPOINT WARNING * * *
You feel extremely sick. Sonja hits you but does no damage.
You are more poisoned.
Sonja closely misses you. x2
You barely miss Sonja.
Sonja is lightly wounded.
* * * LOW HITPOINT WARNING * * *
You feel very sick.
Sonja mumbles some strange words.
Sonja blinks!
Unknown command.
* * * LOW HITPOINT WARNING * * *
You feel very sick.
You see here a curare-tipped needle.
Unknown command.
You die...

#..#####'#####'#
#..####..#...#.#
#..#__####..##.#
#..#_____##'#_.+
#⌠⌠#_.∩...K.(._#
####_..__##_§#+#
#_____###(#
#########(##
+$.@+ #$.$#
##.## #+#


You could see Sonja.

Vanquished Creatures
  Sigmund (D)
  A yak (D)
  An ogre (D)
  A jelly (D)
  Ijyb (D)
5 creatures vanquished.

Notes
Turn   | Place    | Note
-------+----------+-------------------------------------------
     0 | D        | Lauz the Minotaur Gladiator began the quest for the Orb.
     0 | D        | Reached XP level 1. HP: 18/18 MP: 0/0
     2 | D        | Noticed Ijyb
    12 | D        | Killed Ijyb
    12 | D        | Reached skill level 5 in Axes
    12 | D        | Reached skill level 1 in Armour
    12 | D        | Reached skill level 5 in Dodging
    12 | D        | Reached XP level 2. HP: 17/26 MP: 1/1
   126 | D        | Noticed an ogre
   130 | D        | Killed an ogre
   130 | D        | Reached skill level 8 in Axes
   130 | D        | Reached XP level 3. HP: 33/33 MP: 2/2
   130 | D        | Reached XP level 4. HP: 40/40 MP: 3/3
   240 | D        | Noticed Sigmund
   254 | D        | Killed Sigmund
   254 | D        | Reached skill level 5 in Fighting
   254 | D        | Reached skill level 10 in Axes
   254 | D        | Reached XP level 5. HP: 25/48 MP: 4/4
   254 | D        | Reached XP level 6. HP: 29/56 MP: 5/5
   553 | D        | Found an ornate altar of the Wu Jian Council.
   553 | D        | Found a deep blue altar of Sif Muna.
   555 | D        | Found a radiant altar of Vehumet.
   581 | D        | Found Anaefeoz's Antique Weapon Emporium.
   581 | D        | Found an ancient bone altar of Kikubaaqudgha.
   581 | D        | Found a hazy altar of Hepliaklqana.
   581 | D        | Found a hide-covered altar of Uskayaw.
   581 | D        | Found a basalt altar of Yredelemnul.
   581 | D        | Found an opulent altar of Gozag.
   581 | D        | Found a snail-covered altar of Cheibriados.
   581 | D        | Found a sacrificial altar of Ru.
   581 | D        | Found a shadowy altar of Dithmenos.
   581 | D        | Noticed a yak
   589 | D        | Killed a yak
   589 | D        | Reached skill level 11 in Axes
   589 | D        | Reached skill level 10 in Dodging
   590 | D        | Found a stormy altar of Qazlal.
   590 | D        | Found a blossoming altar of Fedhas.
   590 | D        | Found a bloodstained altar of Trog.
   590 | D        | Found an iron altar of Okawaru.
   590 | D        | Found a glowing golden altar of the Shining One.
   590 | D        | Found a glowing silver altar of Zin.
   590 | D        | Found a white marble altar of Elyvilon.
   591 | D        | Found a sparkling altar of Nemelex Xobeh.
   737 | D        | Became a worshipper of Trog the Wrathful
   747 | D        | Noticed Sonja
   760 | D        | Succumbed to Sonja's poison

Skill      XL: |  1  2  3  4  5  6 |
---------------+-------------------+-----
Fighting       | 3 4 5 |  5.7
Axes           | 5 8 10 11 | 11.8
Armour         | 1 2 3 4 |  4.9
Dodging        | 5 7 9 10 | 10.2
Throwing       | |  2.0

Action                   |  1- 3 |  4- 6 || total
-------------------------+-------+-------++-------
Melee: War axe           |    12 |    25 ||    37
       Headbutt          |     4 |     5 ||     9
  Use: Potion            |       |     4 ||     4
Armor: Leather armour    |     3 |       ||     3
       Ring mail         |       |     8 ||     8
Dodge: Dodged            |     6 |    28 ||    34
